 Dungeon Crawl Stone Soup version 0.28-a0-537-g3bccd9ccbf (webtiles) character file.

Game seed: 14549581846646061296

1 omnomnOMINOUS the Caller (level 1, 0/11 HPs)
             Began as an Octopode Wanderer on Sept 27, 2021.
             Slain by a ball python (2 damage)
             ... on level 1 of the Dungeon.
             The game lasted 00:00:38 (23 turns).

omnomnOMINOUS the Caller (Octopode Wanderer)          Turns: 23, Time: 00:00:38

Health: 0/11       AC:  1    Str: 11    XL:     1   Next: 20%
Magic:  0/2        EV: 12    Int: 14    God:
Gold:   0          SH:  0    Dex: 11    Spells: 1/2 levels left

rFire   . . .      SeeInvis .   a - +0 club
rCold   . . .      Faith    .   (no shield)
rNeg    . . .      Spirit   .   (helmet restricted)
rPois   .          Reflect  .   (no amulet)
rElec   .          Harm     .   (no ring)
rCorr   .          Rampage  .   (no ring)
Will    .....                   (no ring)
Stlth   +++.......              (no ring)
HPRegen 0.03/turn               (no ring)
MPRegen 0.08/turn               (no ring)
                                (no ring)
                                (no ring)

@: about to teleport
A: almost no armour, amphibious, 8 rings, camouflage 1, gelatinous body 1,
(nimble swimmer 1), tentacles
a: no special abilities


You were on level 1 of the Dungeon.
You visited 1 branch of the dungeon, and saw 1 of its levels.

Inventory:

Hand Weapons
 a - a +0 club (weapon)


   Skills:
 + Level 0.2 Fighting
 - Level 1.0 Throwing
 + Level 0.2 Dodging
 - Level 1.3 Stealth
 - Level 1.0 Spellcasting
 - Level 4.0 Summonings
 - Level 2.0 Translocations
 - Level 1.0 Earth Magic


You had one spell level left.
You knew the following spells:

 Your Spells              Type           Power      Damage    Failure   Level
a - Magic Dart            Conj           0%         1d3       26%         1

Your spell library contained the following spells:

 Spells                   Type           Power      Damage    Failure   Level
 Call Imp                 Summ           11%        N/A       8%          2
 Blink                    Tloc           N/A        N/A       17%         2
 Slow                     Hex            0%         N/A       36%         2
 Conjure Flame            Conj/Fire      0%         6-21      61%         3
 Mephitic Cloud           Conj/Pois/Air  0%         N/A       61%         3


Dungeon Overview and Level Annotations

Branches:
Dungeon (1/15)

Altars:


Innate Abilities, Weirdness & Mutations

You cannot wear most types of armour.
You are amphibious.
You can wear up to eight rings at the same time.
Your skin changes colour to match your surroundings (Stealth+).
Your rubbery body absorbs attacks. (AC +1, EV +1)
((You are camouflaged near water. (Stealth+)))
You have tentacles for arms and can constrict up to eight enemies at once.


Message History

The jackal bites you.
* * * LOW HITPOINT WARNING * * *
Casting: Magic Dart (safe; 26% risk of failure)
Confirm with . or Enter, or press ? or * to list all spells.
Aiming: Magic Dart (safe; 26% risk of failure)
Press: ? - help, Shift-Dir - straight line, f - jackal
Aim: a jackal (heavily wounded, constricted by you, 100% to hit)
The magic dart hits the jackal.
The jackal is severely wounded.
You constrict the jackal. The jackal bites you.
* * * LOW HITPOINT WARNING * * *
A hobgoblin comes into view.
The jackal misses you.
Casting: Magic Dart (safe; 26% risk of failure)
Confirm with . or Enter, or press ? or * to list all spells.
Aiming: Magic Dart (safe; 26% risk of failure)
Press: ? - help, Shift-Dir - straight line, f/p - jackal
Aim: a jackal (almost dead, constricted by you, 100% to hit)
The magic dart hits the jackal.
You kill the jackal!
The jackal bites you but does no damage.
Unknown command.
Casting: Magic Dart (safe; 26% risk of failure)
Confirm with . or Enter, or press ? or * to list all spells.
You don't have enough magic to cast this spell.
Unknown command.
You hit the jackal. Your grab misses the jackal.
The jackal is severely wounded.
The jackal misses you. The jackal barely misses you.
You aren't carrying any potions.
As you read the scroll of teleportation, it crumbles to dust.
You feel strangely unstable. The jackal barely misses you.
Unknown command.
You hit the jackal. Your grab misses the jackal.
The jackal is almost dead.
The jackal closely misses you.
You barely miss the jackal. You grab the jackal. You squeeze the jackal.
You kill the jackal!
The ball python bites you.
You die...

#.....#.........
##...#...##........
###...###...#........
...#.# ##...........
.....#####.........#
.#.....##..#.......#
#........##..##....
##......###..# .###
####@### ..## . #S#
... . #.h..BK# ##
.....g.....
.........#.#
..........)..
..............
#..#####.#. .## ...
.##..#


You could see a giant cockroach, a hobgoblin, a ball python and a kobold.

Vanquished Creatures
  2 jackals (D:1)
2 creatures vanquished.

Notes
Turn   | Place    | Note
-------+----------+-------------------------------------------
     0 | D:1      | omnomnOMINOUS the Octopode Wanderer began the quest for the
                  | Orb.
     0 | D:1      | omnomnOMINOUS set off with the following items: a +0 club,
                  | a scroll of teleportation; and the following spell
                  | memorised: Magic Dart; and the following spells available
                  | to memorise: Call Imp, Blink, Slow, Conjure Flame, Mephitic
                  | Cloud
     0 | D:1      | Reached XP level 1. HP: 11/11 MP: 2/2
    23 | D:1      | Slain by a ball python

Illustrated notes

Levels and vault maps discovered:
D:1:      dpeg_arrival_arbitrary_b, layout_rooms

Action                   || total
-------------------------++-------
Melee: Club              ||     4
       Constrict         ||     2
       Tentacles         ||     1
 Cast: Magic Dart        ||     2
  Use: Scroll            ||     1
Armor: Skin              ||     1
Dodge: Dodged            ||     5

Table legend: (Time is in decaauts)
 A = Elapsed time spent in this place.
 B = Non-inter-level travel time spent in this place.
 C = Inter-level travel time spent in this place.
 D = Time resting spent in this place.
 E = Time spent auto-exploring this place.
 F = Levels seen in this place.
 G = Mean time per level.
                   A        B        C        D        E       F      G
               +--------+--------+--------+--------+--------+-----+--------+
         Total |     23 |     23 |      0 |      0 |     11 |   1 |   23.0 |
       Dungeon |     23 |     23 |      0 |      0 |     11 |   1 |   23.0 |
               +--------+--------+--------+--------+--------+-----+--------+

Top non-repeatable levels by time:
     D:1: 23 daAuts
